 Dungeon Crawl Stone Soup version 0.28-a0-1510-gd0f6b136d3 (webtiles) character file.

Game seed: 14021744925823338134

130 southernslant the Skirmisher (level 5, -4/32 HPs)
             Began as a Gargoyle Gladiator on Jan 16, 2022.
             Slain by a gnoll (5 damage)
             ... on level 3 of the Dungeon.
             The game lasted 00:06:54 (2458 turns).

southernslant the Skirmisher (Gargoyle Gladiator)   Turns: 2458, Time: 00:06:55

Health: -4/32      AC:  8    Str: 19 (20) XL:     5   Next: 13%
Magic:  5/5        EV: 12    Int:  7 (8)  God:
Gold:   31         SH:  0    Dex: 10 (11) Spells: 4/4 levels left

rFire   . . .      SeeInvis .   a - +0 trident
rCold   . . .      Faith    .   (no shield)
rNeg    + . .      Spirit   .   b - +0 leather armour
rPois   ∞          Reflect  .   c - +0 helmet
rElec   +          Harm     .   (no cloak)
rCorr   .          Rampage  .   (no gloves)
Will    .....                   (no boots)
Stlth   +.........              (no amulet)
HPRegen 0.10/turn               (no ring)
MPRegen 0.09/turn               (no ring)

@: no status effects
A: sickness immunity, AC +4, negative energy resistance 1, electricity
resistance, torment resistance 1, petrification resistance
a: no special abilities


You were on level 3 of the Dungeon.
You visited 1 branch of the dungeon, and saw 3 of its levels.

You collected 31 gold pieces.

Inventory:

Hand Weapons
 a - a +0 trident (weapon)
 l - a +2 vampiric dagger
Missiles
 d - 3 throwing nets
 i - 98 stones (quivered)
 k - 2 poisoned darts
Armour
 b - a +0 leather armour (worn)
 c - a +0 helmet (worn)
Scrolls
 e - a scroll of fear {unknown}
 f - a scroll of enchant weapon {unknown}
 h - 2 scrolls of identify {unknown}
Potions
 g - a potion of degeneration
 j - a potion of curing {unknown}
 m - 2 potions of heal wounds {unknown}


   Skills:
 * Level 3.5 Fighting
 + Level 3.1 Polearms
 + Level 2.3 Throwing
 * Level 2.4 Armour
 + Level 2.9 Dodging


You had 4 spell levels left.
You didn't know any spells.
Your spell library was empty.

Dungeon Overview and Level Annotations

Branches:
Dungeon (3/15)

Altars:

Shops:
D:2 =


Innate Abilities, Weirdness & Mutations

You are immune to sickness and miasma.
Your stone body is resilient. (AC +4)
You are immune to poison.
You resist negative energy. (rN+)
You are resistant to electric shocks. (rElec)
You are resistant to unholy torment.
You are immune to petrification.


Message History

HP restored.
There is an open door here.
Found a stone staircase leading down.
h - 2 scrolls labelled WIOSSASKEA (gained 1)
i - 98 stones (gained 18)
A gnoll comes into view. It is wielding a +0 club.
The gnoll shouts!
Found an escape hatch in the floor.
A gnoll comes into view. It is wielding a +0 flail.
You reach to attack!
The gnoll shouts!
You puncture the gnoll!
The gnoll is almost dead.
The gnoll barely misses you.
You hit the gnoll but do no damage.
The gnoll is almost dead.
The gnoll completely misses you.
You puncture the gnoll!
You kill the gnoll!
You barely miss the gnoll. The gnoll hits you with a +0 flail.
You barely miss the gnoll. The gnoll hits you with a +0 flail.
You hit the gnoll but do no damage. The gnoll hits you with a +0 flail.
You barely miss the gnoll. The gnoll barely misses you.
You hit the gnoll.
The gnoll is heavily wounded.
The gnoll closely misses you.
A gnoll comes into view. It is wielding a +0 whip.
The gnoll shouts!
You hit the gnoll but do no damage.
The gnoll is heavily wounded.
The gnoll hits you with a +0 flail. The gnoll hits you but does no damage.
You puncture the gnoll!
The gnoll is almost dead.
The gnoll hits you with a +0 whip. The gnoll hits you with a +0 flail!
* * * LOW HITPOINT WARNING * * *
It was a potion of degeneration.
There was something very wrong with that liquid.
You feel weakened.
You feel dopey.
You feel clumsy. The gnoll hits you with a +0 whip.
You die...

##. #.. .#.####..# #.# #
.........# # #>#.#
#.....#.###.# #.#.#
#.....'.....# #.#.#
+##...†##.######...
.......'..........
.....†.###.#####g#
...#)### #..# #@# ..
...#.######.####g###.!..
...#.#..................
..<#.#.####..###.####...
...#.# ##.###.# ...#.#
#..##.# ...#.# ##.##.#
...#.# #.##.# ...#.#
####..#.#


You could see 2 gnolls.

Vanquished Creatures
  Natasha (D:2)
  3 adders
  A gnoll (D:3)
  5 dart slugs
  5 ball pythons
  6 bats
  3 endoplasms (D:1)
  3 giant cockroaches (D:2)
  4 goblins
  3 hobgoblins
  3 jackals (D:2)
  4 quokkas
  2 frilled lizards
  8 kobolds
  5 rats
56 creatures vanquished.

Notes
Turn   | Place    | Note
-------+----------+-------------------------------------------
     0 | D:1      | southernslant the Gargoyle Gladiator began the quest for
                  | the Orb.
     0 | D:1      | Reached XP level 1. HP: 12/12 MP: 1/1
   271 | D:1      | You fall into a shaft and drop 1 floor!
   287 | D:2      | Reached skill level 1 in Armour
   287 | D:2      | Reached XP level 2. HP: 10/18 MP: 2/2
   611 | D:1      | Reached XP level 3. HP: 22/22 MP: 3/3
  1429 | D:2      | Reached XP level 4. HP: 23/28 MP: 4/4
  1762 | D:2      | Noticed Natasha
  1775 | D:2      | Killed Natasha
  1963 | D:2      | Found Tophakh's Jewellery Emporium.
  2067 | D:2      | Found a faded altar of an unknown god.
  2316 | D:3      | Reached XP level 5. HP: 28/32 MP: 5/5
  2457 | D:3      | HP: 1/32 [gnoll (10)]
  2458 | D:3      | Slain by a gnoll

Illustrated notes

Levels and vault maps discovered:
D:1:      dpeg_arrival_ternary, layout_loops_ring
D:2:      layout_basic, shapermc_ecumenical_altar_notcrosses, serial_shops,
          shop, minmay_worlds_worst_comb, uniq_natasha
D:3:      layout_basic, grunt_dithmenos_smoke_and_mirrors,
          nicolae_hepliaklqana_hazy_memory, columned_hall_lemuel,
          uniq_crazy_yiuf_cottage

Skill      XL: |  1  2  3  4 |
---------------+-------------+-----
Armour         | 1 2 |  2.4
Throwing       | 2 |  2.3
Fighting       | 3 |  3.5
Polearms       | 3 |  3.1
Dodging        | |  2.9

Action                   |  1- 3 |  4- 6 || total
-------------------------+-------+-------++-------
Melee: Trident           |   127 |    73 ||   200
       Punch             |     2 |       ||     2
Throw: Stone             |       |     5 ||     5
  Use: Potion            |       |     1 ||     1
 Stab: Sleeping          |       |     1 ||     1
Armor: Leather armour    |    37 |    22 ||    59
Dodge: Dodged            |    60 |    30 ||    90

Table legend: (Time is in decaauts)
 A = Elapsed time spent in this place.
 B = Non-inter-level travel time spent in this place.
 C = Inter-level travel time spent in this place.
 D = Time resting spent in this place.
 E = Time spent auto-exploring this place.
 F = Levels seen in this place.
 G = Mean time per level.
                   A        B        C        D        E       F      G
               +--------+--------+--------+--------+--------+-----+--------+
         Total |   2491 |   2448 |     43 |      0 |   2013 |   3 |  830.3 |
       Dungeon |   2491 |   2448 |     43 |      0 |   2013 |   3 |  830.3 |
               +--------+--------+--------+--------+--------+-----+--------+

Top non-repeatable levels by time:
     D:2: 1372 daAuts
     D:1: 950 daAuts
     D:3: 168 daAuts
